 Dungeon Crawl Stone Soup version 0.30-a0-620-g0e44632947 (webtiles) character file.

Game seed: 13071601621980875746

9 Dartaoz the Trooper (level 2, 24/24 HPs)
             Began as a Demonspawn Fighter on Jan 10, 2023.
             Quit the game on level 1 of the Dungeon.
             The game lasted 00:00:40 (124 turns).

Dartaoz the Trooper (Demonspawn Fighter)             Turns: 124, Time: 00:00:40

Health: 24/24      AC:  6    Str: 16    XL:     2   Next: 3%
Magic:  2/2        EV:  9    Int:  9    God:
Gold:   31         SH:  4    Dex: 12    Spells: 1/1 levels left

rFire   . . .      SeeInvis .    a - +0 long sword
rCold   . . .      Faith    .    c - +0 buckler
rNeg    . . .      Spirit   .    b - +0 scale mail
rPois   .          Reflect  .    (no helmet)
rElec   .          Harm     .    (no cloak)
rCorr   .          Rampage  .    (no gloves)
Will    .....                    (no boots) Stlth
                                 (no amulet)
HPRegen 0.24/turn                (no ring)
MPRegen 0.08/turn                (no ring)

@: no status effects
A: demonic magic 1
a: no special abilities


You were on level 1 of the Dungeon.
You visited 1 branch of the dungeon, and saw 1 of its levels.

You collected 31 gold pieces.

Inventory:

Hand Weapons
 a - a +0 long sword (weapon)
Armour
 b - a +0 scale mail (worn)
 c - a +0 buckler (worn)
Jewellery
 g - an amulet of the acrobat
Scrolls
 f - a scroll of teleportation {unknown}
Potions
 d - a potion of might
 e - a potion of curing {unknown}


   Skills:
 + Level 3.1 Fighting
 + Level 1.9 Long Blades
 + Level 2.8 Armour
 + Level 0.4 Dodging
 + Level 2.8 Shields


You had one spell level left.
You didn't know any spells.
Your spell library was empty.

Dungeon Overview and Level Annotations

Branches:
Dungeon (1/15)

Altars:


Innate Abilities, Weirdness & Mutations

Spells you cast may paralyse adjacent enemies.


Message History

The hobgoblin hits you.
You slash the hobgoblin!
You kill the hobgoblin!
The goblin hits you with a +0 dagger.
You slash the goblin!
You kill the goblin!
No target in view!
HP restored.
Things that are here:
a +0 dagger; a goblin corpse
f - a scroll labelled NISKORE YTZI
g - an amulet of the acrobat
There are no items here.
A rat comes into view.
You hit the rat.
You kill the rat!
You see here a rat corpse.
A goblin comes into view. It is wielding a +0 club.
Found a leather armour.
The goblin shouts!
Found 5 gold pieces.
You slash the goblin!
You kill the goblin!
You see here a +0 club.
You now have 21 gold pieces (gained 5).
You now have 31 gold pieces (gained 10).
A dart slug and a goblin come into view.
The goblin shouts!
You hit the dart slug.
The dart slug is moderately wounded.
The dart slug barely misses you.
You hit the dart slug.
You kill the dart slug!
You slash the goblin!
You kill the goblin!
You have reached level 2!
Your demonic ancestry asserts itself...
A menacing aura infuses your magic.
Unknown command.
Are you sure you want to abandon this character and quit the game? (Confirm with "yes".)

#..##...........
#..##...........
#..##..⌠.....⌠..
#..##...........
#..##...........
#####.########+#####
#.....#
########.#####
..........@.#
.##.####.##)# #.# .#
#.# .# #.# .# ..# .#
... .. .## .#


There were no monsters in sight!

Vanquished Creatures
  A dart slug (D:1)
  3 goblins (D:1)
  A hobgoblin (D:1)
  A rat (D:1)
6 creatures vanquished.

Notes
Turn   | Place    | Note
-------+----------+-------------------------------------------
     0 | D:1      | Dartaoz the Demonspawn Fighter began the quest for the Orb.
     0 | D:1      | Reached XP level 1. HP: 18/18 MP: 1/1
   124 | D:1      | Gained mutation: Spells you cast may paralyse adjacent
                  | enemies. [demonic ancestry]
   124 | D:1      | Reached XP level 2. HP: 24/24 MP: 2/2
   124 | D:1      | Quit the game

Illustrated notes

Levels and vault maps discovered:
D:1:      psy_arrival_statuary, layout_loops_ring

Action                   || total
-------------------------++-------
Melee: Long sword        ||     9
Dodge: Dodged            ||     2

Table legend: (Time is in decaauts)
 A = Elapsed time spent in this place.
 B = Non-inter-level travel time spent in this place.
 C = Inter-level travel time spent in this place.
 D = Time resting spent in this place.
 E = Time spent auto-exploring this place.
 F = Levels seen in this place.
 G = Mean time per level.
                   A        B        C        D        E       F      G
               +--------+--------+--------+--------+--------+-----+--------+
         Total |    127 |    127 |      0 |      0 |    100 |   1 |  127.0 |
       Dungeon |    127 |    127 |      0 |      0 |    100 |   1 |  127.0 |
               +--------+--------+--------+--------+--------+-----+--------+

Top non-repeatable levels by time:
     D:1: 127 daAuts
